 Dungeon Crawl Stone Soup version 0.23.0 (webtiles) character file.

Game seed: 10765381508783920604

2753 Monsterracer the Slinger (level 10, -6/84 HPs)
             Began as a Formicid Chaos Knight on Feb 11, 2019.
             Was a Plaything of Xom.
             Mangled by kaze's ghost (7 damage)
             ... on level 7 of the Dungeon.
             The game lasted 00:13:08 (7731 turns).

Monsterracer the Slinger (Formicid Chaos Knight)    Turns: 7731, Time: 00:13:09

Health: -6/84      AC: 14    Str: 23    XL:     10   Next: 0%
Magic:  12/12      EV:  9    Int:  9    God:    Xom [.*....]
Gold:   550        SH:  4    Dex: 15    Spells: 9/9 levels left

rFire    . . .     SeeInvis +   a - +7 mace of Variability {chain chaos}
rCold    . . .     Gourm    .   d - +0 buckler
rNeg     . . .     Faith    .   F - +0 plate armour
rPois    +         Spirit   .   (helmet unavailable)
rElec    .         Reflect  .   e - scarf {repulsion}
rCorr    .         Harm     .   (no gloves)
MR       ++...                  (no boots)
Stlth    ..........             (no amulet)
HPRegen  0.24/turn              C - +3 ring of dexterity
MPRegen  0.13/turn              K - ring of teleportation (curse)

@: studying Fighting, repel missiles
A: permanent stasis, dig shafts and tunnels, four strong arms, antennae 3,
talons 1, iridescent scales 1, thin skeletal structure 1, dopey 1, magic
resistance 1, poison resistance, robust 1, screaming 1, strong 1, wild magic 1,
MP-powered wands, sturdy frame 1
a: Dig, Shaft Self, Renounce Religion


You were on level 7 of the Dungeon.
You worshipped Xom.
You were a plaything of Xom.
You were hungry.

You visited 1 branch of the dungeon, and saw 7 of its levels.
You also visited: Bailey.

You collected 550 gold pieces.

Inventory:

Hand Weapons
 a - the +7 mace of Variability (weapon) {chain chaos}
   (You found it in a bailey)

   Each time it hits an enemy it has a different, random effect.
 b - the +8 hunting sling "Tygoh" {chaos, Dex+3}
   (Xom gifted it to you on level 2 of the Dungeon)

   Each projectile launched from it has a different, random effect.
   It affects your dexterity (+3).
Missiles
 f - 37 sling bullets
 v - 227 stones (quivered)
Armour
 d - a +0 buckler (worn)
 e - a scarf of repulsion (worn)
 F - a +0 plate armour (worn)
Jewellery
 C - a +3 ring of dexterity (left hand)
 K - a cursed ring of teleportation (right hand)
 O - an uncursed ring of resist corrosion
Wands
 p - a wand of paralysis (5)
 z - a wand of flame (7)
 G - a wand of polymorph (10)
Scrolls
 g - 8 scrolls of identify {unknown}
 j - a scroll of noise {unknown}
 k - a scroll of fear {unknown}
 m - 4 scrolls of remove curse {unknown}
 r - a scroll of fog {unknown}
 u - 2 scrolls of enchant armour {unknown}
 w - a scroll of blinking {unknown}
 y - a scroll of teleportation {unknown}
 D - a scroll of enchant weapon {unknown}
 E - a scroll of immolation {unknown}
 H - a scroll of magic mapping {unknown}
 I - 2 scrolls of acquirement {unknown}
Potions
 h - a potion of haste {unknown}
 i - 4 potions of mutation {unknown}
 l - 2 potions of brilliance {unknown}
 n - a potion of cancellation {unknown}
 o - 2 potions of lignification {unknown}
 q - 2 potions of heal wounds {unknown}
 s - a potion of curing {unknown}
 t - 2 potions of might
 x - a potion of flight {unknown}
 A - 2 potions of berserk rage {unknown}
 B - a potion of magic {unknown}
Books
 L - a manual of Fighting
Comestibles
 c - 14 rations


   Skills:
 - Level 6.6 Fighting
   Level 1.3(3.8) Axes
 + Level 5.6(5.7) Maces & Flails
 - Level 8.7 Slings
 - Level 5.7 Armour
 - Level 3.6 Dodging
 - Level 2.5 Shields
 - Level 2.7 Evocations


You had 9 spell levels left.
You didn't know any spells.
Your spell library contained the following spells:

 Spells                   Type           Power        Failure   Level  Hunger
 Confusing Touch          Hex            #.....       99%         1    ##.....
 Magic Dart               Conj           #...         99%         1    ##.....
 Sting                    Conj/Pois      #...         99%         1    ##.....
 Call Imp                 Summ           #.......     100%        2    ###....
 Slow                     Hex            #.......     100%        2    ###....
 Sticks to Snakes         Tmut           #.......     100%        2    ###....
 Confuse                  Hex            #.......     100%        3    ####...
 Conjure Flame            Conj/Fire      #.......     100%        3    ####...
 Gell's Gravitas          Tloc           #.........   100%        3    ####...
 Ignite Poison            Fire/Tmut/Pois #.......     100%        3    ####...
 Mephitic Cloud           Conj/Pois/Air  #.......     100%        3    ####...
 Ice Form                 Ice/Tmut       #.......     100%        4    #####..
 Olgreb's Toxic Radiance  Pois           #.......     100%        4    #####..
 Petrify                  Tmut/Erth      #.......     100%        4    #####..
 Metabolic Englaciation   Hex/Ice        #.........   100%        5    ######.
 Yara's Violent Unravell  Hex/Tmut       #.........   100%        5    ######.
 Blink                    Tloc           Unusable     N/A         2    N/A

Dungeon Overview and Level Annotations

Branches:
Dungeon (7/15)             Temple (0/1) D:5

Altars:
Kikubaaqudgha
Makhleb
Ru
Vehumet
Wu Jian
Beogh

Annotations:
D:7 kaze's ghost, novice HOBe


Innate Abilities, Weirdness & Mutations

You cannot be hasted, slowed, berserked, paralysed or teleported.
You can dig through walls and to a lower floor.
Your four strong arms can wield two-handed weapons with a shield.
You have a pair of large antennae on your head. (SInv)
You have sharp toenails.
You are partially covered in iridescent scales. (AC +2)
You have a somewhat thin skeletal structure. (Dex +2, Stealth)
You are dopey. (Int -2)
You are resistant to hostile enchantments. (MR+)
Your system is resistant to poisons. (rPois)
You are robust. (+10% HP)
You occasionally shout uncontrollably at your foes.
Your muscles are strong. (Str +2)
Your spells are a little harder to cast, but a little more powerful.
You expend magic power (3 MP) to strengthen your wands.
Your movements are slightly less encumbered by armour. (ER -2)


Message History

You claw kaze's ghost, but do no damage.
Kaze's ghost hits you!
You take 10 damage, and have 55/78 hp.
You sock kaze's ghost! You burn kaze's ghost!
The mace of Variability scintillates.
A swirling arc of seething chaos appears!
The arc of chaos hits kaze's ghost but does no damage.
Kaze's ghost is moderately damaged.
The arc of chaos hits kaze's ghost.
Kaze's ghost looks slightly unstable.
The arc of chaos hits kaze's ghost but does no damage.
Kaze's ghost is moderately damaged.
The arc of chaos hits kaze's ghost but does no damage.
Kaze's ghost completely resists.
Kaze's ghost is moderately damaged. x2
Kaze's ghost hits you. x2
You take 9 damage, and have 46/78 hp.
You are too injured to fight recklessly!
You barely miss kaze's ghost.
Kaze's ghost is moderately damaged.
Kaze's ghost disappears!
You closely miss the orc warrior. Your kick misses the orc warrior.
The orc warrior hits you with a +0 halberd.
You hit the orc warrior.
The orc warrior is poisoned.
You claw the orc warrior, but do no damage.
The orc warrior is lightly wounded.
The orc warrior hits you with a +0 halberd!
* * * LOW HITPOINT WARNING * * *
You block the orc warrior's attack.
You take 13 damage, and have 33/78 hp.
Unknown command.
You bludgeon the orc warrior!!
The orc warrior is almost dead.
The orc warrior hits you but does no damage.
You bludgeon the orc warrior!!
You kill the orc warrior!
Your Maces & Flails skill increases to level 5!
The orc warrior hits you with the +11 mace of the Spider {pain, +Fly rElec rC- rN+}!!
* * * LOW HITPOINT WARNING * * *
Xom is amused.
You take 23 damage, and have 10/78 hp.
MASSIVE DAMAGE!!
Unknown command.
Unknown command.
You thump the orc warrior!
The orc warrior is heavily wounded.
You block the orc warrior's attack.
You completely miss the orc warrior.
You claw the orc warrior, but do no damage.
The orc warrior is heavily wounded.
The orc warrior hits you with the +11 mace of the Spider {pain, +Fly rElec rC- rN+}!
* * * LOW HITPOINT WARNING * * *
You take 7 damage, and have 3/78 hp.
Unknown command.
You bludgeon the orc warrior!!
Lightning courses through the orc warrior!
You kill the orc warrior!
You hit the orc.
You kill the orc!
You bludgeon the orc!!
You kill the orc!
The orc hits you but does no damage.
You sock the orc!
You kill the orc!
You bludgeon the orc priest!!
You feel better.
You kill the orc priest!
You have reached level 10!
You regained 5 hp, and now have 10/84 hp.
MP restored: 12 You sock the orc!
You kill the orc!
You bludgeon the orc!!
You kill the orc!
You barely miss kaze's ghost.
You claw kaze's ghost, but do no damage.
Kaze's ghost is lightly damaged.
Kaze's ghost shouts, "What do you have that I didn't have?"
You block kaze's ghost's attack.
Press: ? - help, v - describe, . - travel, g - get item
Here: kaze's ghost (lightly damaged)
A cursed -1 short sword.
There is something else lying underneath.
The floor, spattered with blood.
You sock kaze's ghost! Lightning courses through kaze's ghost!
Kaze's ghost is heavily damaged.
Kaze's ghost hits you but does no damage.
Kaze's ghost barely misses you.
You sock kaze's ghost! You freeze kaze's ghost.
Kaze's ghost is severely damaged.
Kaze's ghost barely misses you.
You hit kaze's ghost but do no damage. You claw kaze's ghost.
Kaze's ghost is severely damaged.
Kaze's ghost hits you.
* * * LOW HITPOINT WARNING * * *
Kaze's ghost hits you!
* * * LOW HITPOINT WARNING * * *
You take 11 damage, and have 1/84 hp.
You barely miss kaze's ghost. You claw kaze's ghost.
Kaze's ghost is severely damaged.
Kaze's ghost hits you!
You die...
Xom bursts into laughter!

############# ###
#.....#.....###W##
.............#.#@#
..............####
...........o...########
.......8.............8#
.......######'''#######
.......#..........o..#
.......#...o#####....#
.......#.###.{...###.#
#......#.#8#..8..#8#.#


You could see kaze's ghost.

Vanquished Creatures
  An orc knight (Bailey)
  Sigmund (D:2)
  4 orc warriors
  2 ogres
  A phantom (D:4)
  2 centaurs (D:5)
  Blork the orc (D:4)
  A bullfrog (D:5)
  2 scorpions
  A crimson imp (D:3)
  A howler monkey (D:4)
  2 hounds
  A centaur skeleton (D:5)
  4 orc priests
  3 orc wizards
  4 worker ants
  3 iguanas
  Natasha (thrice) (D:4)
  2 gnolls (D:5)
  12 adders
  A shadow imp (D:5)
  A white imp (D:6)
  An adder skeleton (D:5)
  An adder zombie (D:5)
  4 worms
  A dart slug (D:2)
  9 leopard geckos
  29 orcs
  4 ball pythons
  9 bats
  4 giant cockroaches
  15 hobgoblins
  12 jackals
  2 quokkas
  6 frilled lizards
  18 goblins
  26 kobolds
  10 rats
204 creatures vanquished.

Vanquished Creatures (collateral kills)
  A hippogriff (D:7)
1 creature vanquished.

Grand Total: 205 creatures vanquished

Notes
Turn   | Place    | Note
-------+----------+-------------------------------------------
     0 | D:1      | Monsterracer the Formicid Chaos Knight began the quest for
                  | the Orb.
     0 | D:1      | Reached XP level 1. HP: 18/18 MP: 1/1
   102 | D:1      | Reached skill level 1 in Dodging
   156 | D:1      | XOM: harmless Hex miscast
   186 | D:1      | Reached XP level 2. HP: 24/24 MP: 2/2
   352 | D:1      | XOM: mild Chrm miscast
   368 | D:1      | HP: 12/24 [kobold (3)]
   373 | D:1      | Reached XP level 3. HP: 16/29 MP: 3/3
   838 | D:2      | XOM: god gift: brightly glowing hunting sling {god gift}
   839 | D:2      | Got a brightly glowing hunting sling {god gift}
   840 | D:2      | Identified the +8 hunting sling "Tygoh" {chaos, Dex+3} (Xom
                  | gifted it to you on level 2 of the Dungeon)
  1024 | D:2      | Found a faded altar of an unknown god.
  1100 | D:2      | Reached skill level 1 in Slings
  1286 | D:2      | Noticed Sigmund
  1288 | D:2      | XOM: butterfly on damage
  1319 | D:2      | Killed Sigmund
  1319 | D:2      | Reached skill level 4 in Slings
  1319 | D:2      | Reached XP level 4. HP: 23/37 MP: 4/4
  1319 | D:2      | Reached XP level 5. HP: 26/42 MP: 5/5
  1319 | D:2      | Reached XP level 6. HP: 30/48 MP: 6/6
  1335 | D:2      | XOM: cloud trail
  1447 | D:2      | XOM: harmless Conj miscast
  1532 | D:2      | XOM: give mutations
  1532 | D:2      | Gained mutation: You have a somewhat thin skeletal
                  | structure. (Dex +2, Stealth) [Xom's grace]
  1532 | D:2      | Gained mutation: You are robust. (+10% HP) [Xom's grace]
  1655 | D:2      | XOM: give mutation
  1655 | D:2      | Gained mutation: You are partially covered in iridescent
                  | scales. (AC +2) [Xom's grace]
  1721 | D:2      | Reached skill level 1 in Shields
  1747 | D:2      | XOM: give mutations
  1747 | D:2      | Gained mutation: You expend magic power (3 MP) to
                  | strengthen your wands. [Xom's grace]
  1747 | D:2      | Gained mutation: Your muscles are strong. (Str +2) [Xom's
                  | grace]
  1747 | D:2      | Gained mutation: You are resistant to hostile enchantments.
                  | (MR+) [Xom's grace]
  1747 | D:2      | Gained mutation: Your movements are slightly less
                  | encumbered by armour. (ER -2) [Xom's grace]
  2044 | D:2      | XOM: medium Air miscast
  2423 | D:3      | Found a burning altar of Makhleb.
  2452 | D:3      | Reached skill level 5 in Slings
  2628 | D:3      | XOM: swap monsters
  3106 | D:3      | Identified Xom's Almanac of the Doldrums (Xom gifted it to
                  | you on level 3 of the Dungeon)
  3106 | D:3      | XOM: god gift: Xom's Almanac of the Doldrums
  3175 | D:3      | Found an ornate altar of the Wu Jian Council.
  3175 | D:3      | Found an ancient bone altar of Kikubaaqudgha.
  3266 | D:4      | Reached XP level 7. HP: 59/59 MP: 7/7
  3418 | D:4      | Found a sacrificial altar of Ru.
  3425 | D:4      | XOM: smoke on damage
  3433 | D:4      | Reached skill level 1 in Axes
  3551 | D:4      | XOM: mild Chrm miscast
  3576 | D:4      | Noticed Blork the orc
  3587 | D:4      | Killed Blork the orc
  3640 | D:4      | XOM: give mutations
  3640 | D:4      | Lost mutation: You expend magic power (3 MP) to strengthen
                  | your wands. [Xom's mischief]
  3640 | D:4      | Gained mutation: You are dopey. (Int -2) [Xom's mischief]
  3640 | D:4      | Gained mutation: You occasionally shout uncontrollably at
                  | your foes. [Xom's mischief]
  3640 | D:4      | Lost mutation: You are resistant to hostile enchantments.
                  | (MR+) [Xom's mischief]
  3661 | D:4      | XOM: enchant monster (good)
  3672 | D:4      | Reached skill level 6 in Slings
  3682 | D:4      | HP: 30/60 [poisoned by a worker ant]
  3687 | D:4      | HP: 29/60 [poisoned by a worker ant]
  3694 | D:4      | HP: 29/60 [poisoned by a worker ant]
  3699 | D:4      | HP: 29/60 [poisoned by a worker ant]
  3836 | D:4      | XOM: cloud trail
  3849 | D:4      | XOM: give mutation
  3849 | D:4      | Gained mutation: Your system is resistant to poisons.
                  | (rPois) [Xom's grace]
  3862 | D:4      | XOM: god gift: 17 stones
  3971 | D:4      | XOM: mild Pois miscast
  3990 | D:4      | Noticed Natasha
  4006 | D:4      | Killed Natasha
  4006 | D:4      | Reached XP level 8. HP: 53/67 MP: 8/8
  4085 | D:4      | XOM is BORED!
  4085 | D:4      | XOM: medium Tmut miscast
  4221 | D:4      | XOM: give mutation
  4221 | D:4      | Gained mutation: You are resistant to hostile enchantments.
                  | (MR+) [Xom's grace]
  4244 | D:4      | Noticed Natasha
  4246 | D:4      | Killed Natasha
  4291 | D:4      | Noticed Natasha
  4293 | D:4      | Killed Natasha
  4300 | D:4      | XOM: give mutations
  4300 | D:4      | Gained mutation: You expend magic power (3 MP) to
                  | strengthen your wands. [Xom's grace]
  4300 | D:4      | Gained mutation: Your spells are a little harder to cast,
                  | but a little more powerful. [Xom's grace]
  4300 | D:4      | Gained mutation: You have sharp toenails. [Xom's grace]
  4452 | D:5      | Entered Level 5 of the Dungeon
  4694 | D:5      | Reached skill level 5 in Fighting
  4791 | D:5      | Reached skill level 7 in Slings
  5061 | D:5      | XOM: enchant monster (good)
  5184 | D:5      | XOM: medium Pois miscast
  5210 | D:5      | Reached XP level 9. HP: 74/74 MP: 9/9
  5989 | D:5      | Found a staircase to the Ecumenical Temple.
  6052 | D:5      | XOM: god gift: 24 sling bullets
  6426 | D:6      | XOM: harmless Summ miscast
  6565 | D:6      | Reached skill level 5 in Armour
  6656 | D:6      | Got a smoking hand crossbow
  6705 | D:6      | Identified the +6 hand crossbow "Tamewn" {velocity, rF+}
                  | (You found it on level 6 of the Dungeon)
  6740 | D:7      | Noticed a hippogriff
  6744 | D:7      | XOM: divination: magic mapping
  6746 | D:7      | XOM: confuse monster(s)
  6757 | D:7      | XOM: summons friendly white imp
  6766 | D:7      | Killed a hippogriff
  6766 | D:7      | Reached skill level 8 in Slings
  6766 | D:7      | Reached skill level 1 in Evocations
  7140 | D:7      | XOM: divination: detect items
  7174 | D:7      | Found a radiant altar of Vehumet.
  7261 | D:7      | Found a flagged portal.
  7272 | Bailey   | Entered a bailey
  7314 | Bailey   | Noticed an orc knight
  7330 | Bailey   | Killed an orc knight
  7333 | Bailey   | XOM: summons friendly white imp
  7507 | Bailey   | Found the +7 mace of Variability {chain chaos}
  7507 | Bailey   | Found a burning altar of Makhleb.
  7669 | D:7      | Found a runed translucent gate.
  7670 | D:7      | Found a runed translucent gate.
  7670 | D:7      | Noticed kaze's ghost (novice HOBe)
  7671 | D:7      | Found a runed translucent gate.
  7672 | D:7      | Identified the +11 mace of the Spider {pain, +Fly rElec rC-
                  | rN+}
  7678 | D:7      | Found a roughly hewn altar of Beogh.
  7699 | D:7      | XOM: divination: detect creatures
  7714 | D:7      | HP: 33/78 [orc warrior/+0 halberd (13)]
  7716 | D:7      | Reached skill level 5 in Maces & Flails
  7716 | D:7      | HP: 10/78 [orc warrior/the +11 mace of the Spider {pain,
                  | +Fly rElec rC- rN+} (24)]
  7718 | D:7      | HP: 3/78 [orc warrior/the +11 mace of the Spider {pain,
                  | +Fly rElec rC- rN+} (7)]
  7723 | D:7      | Reached XP level 10. HP: 9/84 MP: 12/12
  7730 | D:7      | HP: 10/84 [kaze's ghost (2)]
  7730 | D:7      | HP: 1/84 [kaze's ghost (9)]
  7731 | D:7      | Mangled by kaze's ghost

Skill      XL: |  1  2  3  4  5  6  7  8  9 |
---------------+----------------------------+-----
Dodging        | 1 2 3 |  3.6
Slings         | 4 5 6 7 8 |  8.7
Shields        | 1 2 |  2.5
Fighting       | 4 5 6 |  6.6
Armour         | 3 4 5 |  5.7
Axes           | 1 |  1.3
Maces & Flails | 5 |  5.6
Evocations     | 2 |  2.7

Action                   |  1- 3 |  4- 6 |  7- 9 | 10-12 || total
-------------------------+-------+-------+-------+-------++-------
Melee: Mace              |    88 |    86 |       |       ||   174
       War axe           |       |    75 |    50 |       ||   125
       Dire flail        |       |       |    96 |       ||    96
       Kick              |       |       |    29 |     3 ||    32
       Great mace        |       |       |    17 |     7 ||    24
 Fire: Hunting sling     |    17 |     7 |   169 |       ||   193
Throw: Stone             |       |       |    73 |       ||    73
 Abil: Dig               |     1 |       |     1 |       ||     2
 Stab: Paralysed         |       |     2 |     2 |       ||     4
       Confused          |       |     1 |       |       ||     1
       Petrified         |       |     1 |       |       ||     1
  Eat: Chunk             |     1 |     6 |    14 |       ||    21
Armor: Leather armour    |     3 |       |       |       ||     3
       Scale mail        |    40 |    93 |    50 |       ||   183
       Plate armour      |       |       |    53 |     1 ||    54
Dodge: Dodged            |    51 |   120 |   166 |     2 ||   339
       Deflected         |     3 |     2 |    22 |       ||    27
Block: Buckler           |     7 |    34 |    64 |     1 ||   106

Levels and vault maps discovered:
D:1:      lemuel_arrival_river_bridge, layout_basic, wad_floor_pattern_untrapped
D:2:      layout_loops_corners, chequers_ecumenical_altar_simple, uniq_sigmund
D:3:      layout_rooms, overflow_temple_1_default,
          amethyst_overflow_temple_binary, first_ration,
          kennysheep_generic_room_2
D:4:      layout_basic, nicolae_ru_sacrificial_ziggurat, uniq_blork_the_orc,
          uniq_natasha
D:5:      corexii_shantytown, layout_basic, temple_doors_ab
D:6:      layout_basic, minivault_5
D:7:      layout_rooms, lemuel_doored_altar, enter_bailey_3,
          biasface_ghost_orc_armoury
Bailey:   bailey_axe_3, bailey
